 Dungeon Crawl Stone Soup version 0.24-a0-292-g5c6fb1c (webtiles) character file.

Game seed: 2010342477139167917

2814 suvakkihuora the Basher (level 9, 0/74 HPs)
             Began as a Hill Orc Summoner on May 10, 2019.
             Was a Priest of Beogh.
             Slain by Harold
             ... wielding a +0 glaive
              (21 damage)
             ... on level 7 of the Dungeon.
             The game lasted 00:20:39 (8314 turns).

suvakkihuora the Basher (Hill Orc Summoner)         Turns: 8314, Time: 00:20:40

Health: 0/74       AC:  8    Str: 16    XL:     9   Next: 72%
Magic:  10/12      EV: 11    Int: 15    God:    Beogh [***...]
Gold:   370        SH:  5    Dex: 14    Spells: 6/12 levels left

rFire    . . .     SeeInvis +   t - +9 club
rCold    . . .     Gourm    .   B - +0 buckler
rNeg     . . .     Faith    .   a - +0 robe
rPois    .         Spirit   .   K - +2 helmet {SInv}
rElec    .         Reflect  .   (no cloak)
rCorr    .         Harm     +   s - +2 pair of gloves {Dex+3}
MR       .....                  (no boots)
Stlth    ++........             l - amulet of harm
HPRegen  0.22/turn              j - +2 ring of strength
MPRegen  0.13/turn              (no ring)

@: marked, drained
A: no striking features
a: Smiting, Renounce Religion


You were on level 7 of the Dungeon.
You worshipped Beogh.
Beogh was most pleased with you.
You were not hungry.

You visited 1 branch of the dungeon, and saw 7 of its levels.
You also visited: Sewer.

You collected 370 gold pieces.

Inventory:

Hand Weapons
 t - a +9 club (weapon)
Missiles
 k - 3 tomahawks (quivered)
 z - 7 javelins
Armour
 a - a +0 robe (worn)
 s - a +2 pair of gloves of dexterity (worn)
 x - a cursed +0 scale mail
 B - a +0 buckler (worn)
 D - the +0 pair of gloves "Ygicroiv" {Int+5}
   (You found it in a sewer)

   It affects your intelligence (+5).
 I - a +2 pair of gloves
 K - a +2 helmet of see invisible (worn)
Magical Staves
 y - an uncursed staff of fire
Jewellery
 j - a +2 ring of strength (left hand)
 l - an amulet of harm (around neck)
Wands
 u - a wand of polymorph (9)
 v - a wand of digging (7)
Scrolls
 b - 2 scrolls of remove curse
 g - 2 scrolls of amnesia {unknown}
 m - 3 scrolls of teleportation
 q - 6 scrolls of fog
 w - a scroll of enchant weapon
 A - a scroll of noise {unknown}
 C - a scroll of enchant armour {unknown}
 E - 2 scrolls of fear {unknown}
 F - 2 scrolls of magic mapping {unknown}
Potions
 d - 2 potions of brilliance {unknown}
 e - 7 potions of curing {unknown}
 h - a potion of invisibility {unknown}
 i - a potion of lignification {unknown}
 n - 2 potions of heal wounds
 o - a potion of cancellation
 p - 2 potions of degeneration
 r - 2 potions of ambrosia
 G - a potion of haste {unknown}
 H - a potion of flight {unknown}
 J - 2 potions of magic {unknown}
Comestibles
 c - 17 rations


   Skills:
 - Level 5.0(4.1) Fighting
 * Level 9.4(8.3) Maces & Flails
 * Level 6.2(5.2) Armour
 - Level 1.5(0.7) Dodging
 - Level 1.5(0.7) Stealth
 - Level 4.9(4.0) Shields
 - Level 2.1(1.2) Spellcasting
 - Level 4.4(3.5) Summonings
 - Level 4.1(3.2) Invocations


You had 6 spell levels left.
You knew the following spells:

 Your Spells              Type           Power        Failure   Level  Hunger
a - Summon Small Mammal   Summ           ##..         6%          1    ##.....
b - Call Imp              Summ           ##......     9%          2    ###....
c - Call Canine Familiar  Summ           ##......     17%         3    ####...

Your spell library contained the following spells:

 Spells                   Type           Power        Failure   Level  Hunger
 Summon Guardian Golem    Hex/Summ       #.......     34%         3    ####...
 Summon Ice Beast         Ice/Summ       #.......     75%         4    #####..
 Summon Lightning Spire   Summ/Air       #.......     75%         4    #####..


Dungeon Overview and Level Annotations

Branches:
Dungeon (7/15)             Temple (0/1) D:6

Altars:
Cheibriados
Nemelex Xobeh
Xom

Shops:
D:6 (

Annotations:
D:7 Harold


Message History

Your crimson imp closely misses Harold.
You thump Harold!
Harold is severely wounded.
Your crimson imp hits Harold but does no damage.
Harold hits you with a +0 glaive!
* * * LOW HITPOINT WARNING * * *
Your crimson imp barely misses Harold.
Unknown command.
You hit Harold.
Harold is severely wounded.
Your crimson imp hits Harold but does no damage.
You sock Harold!
Harold is almost dead.
Your crimson imp hits Harold but does no damage.
Harold barely misses you.
Your crimson imp closely misses Harold.
You hit Harold but do no damage.
Harold is almost dead.
Your crimson imp hits Harold but does no damage. x2
Harold hits you with a +0 glaive!!
You die...

#### #..# #.[## # #...#
.### ##...# ... .....#
######.# .....#
#.##5.5## .##..##
##....@..# ###...##
##.#..@##.#
###....####..##..#
##......##..###..#
....##.....## ##.#
....###...## #.##
.....###...## #..#
............## #..#####
.............###......#
######............##.##


You could see Harold and 2 friendly crimson imps.

Vanquished Creatures
  Eustachio (D:6)
  A sky beast (D:6)
  2 black bears
  A necrophage (D:7)
  A phantom (D:6)
  An ogre (D:6)
  4 centaurs
  Blork the orc (D:6)
  2 bullfrogs
  A gnoll sergeant (D:7)
  3 scorpions
  4 wights (D:7)
  3 crimson imps
  A quasit (D:6)
  3 bullfrog zombies
  A hound (D:7)
  An orc wizard (D:6)
  3 orc priests
  5 worker ants
  A hound zombie (D:6)
  A hound skeleton (D:7)
  A worker ant zombie (D:5)
  14 adders
  7 gnolls
  8 river rats (Sewer)
  3 oozes
  An adder skeleton (D:4)
  4 worms
  4 leopard geckos
  6 orcs
  A bat (D:2)
  6 giant cockroaches
  10 goblins
  6 hobgoblins
  6 jackals
  A quokka (D:7)
  9 ball pythons
  7 frilled lizards
  A jackal zombie (D:6)
  4 kobolds
  A leopard gecko skeleton (D:7)
  A quokka skeleton (D:6)
  26 rats
168 creatures vanquished.

Vanquished Creatures (collateral kills)
  A black bear (D:7)
  2 ogres
  A wight (D:7)
  A jelly (D:7)
  A hound (D:4)
  2 worker ants
  Robin (D:3)
  2 adders
  5 gnolls
  An ooze (D:1)
  4 goblins (D:3)
  2 hobgoblins
  5 jackals
28 creatures vanquished.

Vanquished Creatures (others)
  An orc priest (D:3)
  3 orcs
4 creatures vanquished.

Grand Total: 200 creatures vanquished

Notes
Turn   | Place    | Note
-------+----------+-------------------------------------------
     0 | D:1      | suvakkihuora the Hill Orc Summoner began the quest for the
                  | Orb.
     0 | D:1      | Reached XP level 1. HP: 14/14 MP: 3/3
   188 | D:1      | Reached skill level 1 in Fighting
   396 | D:1      | Reached XP level 2. HP: 14/23 MP: 2/4
   723 | D:1      | Reached skill level 1 in Maces & Flails
  1324 | D:2      | Reached XP level 3. HP: 29/29 MP: 3/5
  1426 | D:2      | Learned a level 2 spell: Call Imp
  1467 | D:2      | Reached skill level 2 in Maces & Flails
  1474 | D:2      | Reached XP level 4. HP: 33/37 MP: 1/6
  1926 | D:2      | Learned a level 3 spell: Call Canine Familiar
  2066 | D:3      | Noticed Robin
  2110 | D:3      | Killed Robin
  2264 | D:3      | Reached skill level 3 in Maces & Flails
  2264 | D:3      | Reached XP level 5. HP: 38/45 MP: 7/7
  2415 | D:3      | Became a worshipper of Beogh the Brigand
  2883 | D:3      | Found a sparkling altar of Nemelex Xobeh.
  3148 | D:4      | Reached skill level 1 in Invocations
  3148 | D:4      | Reached XP level 6. HP: 46/52 MP: 6/9
  3847 | D:4      | Reached skill level 4 in Maces & Flails
  3997 | D:5      | Entered Level 5 of the Dungeon
  4017 | D:5      | Found a snail-covered altar of Cheibriados.
  4036 | D:5      | Reached * piety under Beogh
  4036 | D:5      | Reached XP level 7. HP: 57/60 MP: 10/10
  4272 | D:5      | Reached skill level 5 in Fighting
  4566 | D:5      | Reached skill level 1 in Armour
  4861 | D:6      | Noticed Blork the orc
  4862 | D:6      | Found a glowing drain.
  4872 | D:6      | Reached skill level 5 in Maces & Flails
  4875 | D:6      | Killed Blork the orc
  4893 | D:6      | Reached XP level 8. HP: 50/68 MP: 11/11
  4910 | Sewer    | Entered a sewer
  5206 | Sewer    | Reached ** piety under Beogh
  5273 | Sewer    | Got a pair of distressingly furry gloves
  5320 | Sewer    | Reached skill level 6 in Maces & Flails
  5369 | Sewer    | Identified the cursed +0 pair of gloves "Ygicroiv" {Int+5}
                  | (You found it in a sewer)
  5431 | Sewer    | Reached skill level 1 in Shields
  5979 | D:6      | Found a shimmering altar of Xom.
  5981 | D:6      | Found a staircase to the Ecumenical Temple.
  6281 | D:6      | Reached skill level 7 in Maces & Flails
  6446 | D:6      | Noticed Eustachio
  6453 | D:6      | Killed Eustachio
  6462 | D:6      | Reached XP level 9. HP: 34/74 MP: 12/12
  6489 | D:6      | Reached *** piety under Beogh
  6522 | D:6      | Reached skill level 8 in Maces & Flails
  6780 | D:6      | Found Zuunoim's Antique Weapon Boutique.
  7321 | D:7      | Reached skill level 5 in Armour
  7421 | D:7      | Reached skill level 9 in Maces & Flails
  8289 | D:7      | Noticed Harold
  8314 | D:7      | Slain by Harold

Levels and vault maps discovered:
D:1:      dpeg_arrival_long_road, layout_basic
D:2:      layout_basic, minmay_heptomino_l4
D:3:      layout_loops_ring, nemelex_spade_bored_becter, uniq_robin
D:4:      layout_gridville
D:5:      layout_basic, nicolae_overflow_crystal_walls, first_ration,
          uniq_grinder
D:6:      layout_basic, temple_green, serial_shops, shop, portal_sewer_entry_a,
          xom_teletrap_fun, uniq_blork_the_orc, uniq_eustachio
D:7:      layout_layer_cave, uniq_harold

Skill      XL: |  1  2  3  4  5  6  7  8  9 |
---------------+----------------------------+-----
Fighting       | 1 2 3 4 5 |  5.0
Maces & Flails | 1 2 3 4 5 7 9 |  9.4
Spellcasting   | 2 |  2.1
Invocations    | 1 3 4 |  4.1
Armour         | 3 6 |  6.2
Shields        | 4 |  4.9
Dodging        | |  1.5
Stealth        | |  1.5
Summonings     | |  4.4

Action                   |  1- 3 |  4- 6 |  7- 9 || total
-------------------------+-------+-------+-------++-------
Melee: Mace              |    62 |     5 |       ||    67
       Flail             |       |    24 |       ||    24
       Club              |       |    90 |   366 ||   456
Throw: Tomahawk          |       |     1 |     4 ||     5
       Throwing net      |       |       |     1 ||     1
 Cast: Summon Small Mamm |    13 |       |       ||    13
       Call Imp          |     1 |    18 |    19 ||    38
Invok: Convert to Beogh  |       |     1 |       ||     1
Evoke: Wand              |       |       |     3 ||     3
  Use: Scroll            |       |     5 |     6 ||    11
       Potion            |       |       |     5 ||     5
 Stab: Sleeping          |     1 |     4 |     4 ||     9
       Distracted        |       |       |     2 ||     2
       Held in net/web   |       |       |     2 ||     2
  Eat: Chunk             |     2 |    10 |    13 ||    25
       Ration            |       |       |     1 ||     1
Armor: Robe              |     9 |    28 |   121 ||   158
Dodge: Dodged            |    53 |    73 |   226 ||   352
Block: Buckler           |       |       |    29 ||    29

Table legend:
 A = Non-vault XP
 B = Vault XP
 C = Vault XP percentage of total XP
 D = Non-vault monster count
 E = Vault monster count
 F = Vault count percentage of total count
                 A         B        C        D         E       F
            +---------+---------+-------+---------+---------+-------
      Total |    3361 |     660 |  16.4 |     129 |      67 |  34.2
            +---------+---------+-------+---------+---------+-------
        D:1 |      21 |       0 |   0.0 |      11 |       0 |   0.0
        D:2 |      96 |       8 |   7.7 |      25 |       4 |  13.8
        D:3 |     132 |      18 |  12.0 |      14 |       9 |  39.1
        D:4 |     224 |       0 |   0.0 |      10 |       0 |   0.0
        D:5 |     435 |       0 |   0.0 |      15 |       0 |   0.0
        D:6 |    1136 |     317 |  21.8 |      24 |       8 |  25.0
        D:7 |    1317 |       0 |   0.0 |      30 |       0 |   0.0
      Sewer |       0 |     317 | 100.0 |       0 |      46 | 100.0
            +---------+---------+-------+---------+---------+-------
